Map: King's Cove LE

Players

Denver

  • Race: Zerg Zerg
  • Spawn Location: 11:00

uThermal - Winner!

  • Race: Terran Terran
  • Spawn Location: 5:00

Event: 2019 WCS Summer

VOD

Have the link to the VOD?

Description

Time

  • Played on: July 12, 2019, 10:55 a.m.
  • Length: 7:57

All games in this series

Show
View Real Time Build Order
Export as new Build Order

Denver Zerg 

Build Orders: Hatch First 

Get SALT Encoding   

  12  0:00  Drone  
  13  0:12  Overlord  
  13  0:18  Drone  
  14  0:30  Drone x2  
  16  0:50  Hatchery  
  16  0:54  Drone  
  17  0:57  Drone  
  17  1:00  Drone  
  18  1:11  Extractor  
  17  1:16  Spawning Pool  
  16  1:19  Drone  
  16  1:23  Drone  
  18  1:31  Drone  
  19  1:39  Drone  
  20  1:49  Drone  
  21  2:02  Queen x2  
  21  2:04  Zergling x4  
  27  2:11  Overlord  
  27  2:13  Metabolic Boost  
  27  2:17  Drone  
  28  2:33  Drone  
  28  2:34  Overlord  
  28  2:35  Drone x2  
  30  2:40  Spore Crawler  
  30  2:42  Queen  
  32  2:44  Drone  
  32  2:49  Overlord  
  33  2:59  Drone x2  
  33  3:05  Drone  
  36  3:09  Drone  
  37  3:13  Drone x2  
  37  3:18  Hatchery  
  37  3:19  Overlord  
  38  3:21  Drone  
  38  3:23  Drone  
  40  3:29  Queen  
  40  3:31  Drone  
  40  3:33  Drone  
  44  3:39  Drone  
  44  3:40  Queen  
  47  3:44  Drone  
  48  3:53  Drone x5  
  53  4:02  Zergling x2  
  53  4:05  Overlord  
  53  4:08  Lair  
  53  4:11  Overlord, Spore Crawler  
  53  4:16  Zergling x8  
  56  4:19  Queen  
  58  4:24  Overlord  
  58  4:28  Drone  
  59  4:32  Drone  
  59  4:36  Drone, Queen  
  59  4:38  Drone x2  
  65  4:39  Drone  
  65  4:40  Drone  
  65  4:44  Drone  
  68  4:50  Drone  
  68  4:51  Drone x3  
  68  4:52  Drone  
  73  4:54  Queen  
  73  4:57  Evolution Chamber x2  
  73  4:58  Drone  
  74  5:01  Spore Crawler  
  74  5:03  Drone x2  
  74  5:04  Drone  
  74  5:06  Spore Crawler  
  75  5:11  Baneling Nest  
  75  5:12  Overseer  
  74  5:15  Queen  
  74  5:17  Overlord  
  74  5:18  Drone x2  
  74  5:20  Drone  
  79  5:24  Zerg Ground Armor Level 1  
  79  5:26  Extractor  
  78  5:29  Overlord  
  78  5:30  Spore Crawler  
  78  5:33  Zergling x8  
  81  5:38  Zergling x10  
  86  5:45  Zergling x10  
  86  5:46  Overlord  
  86  5:49  Zerg Melee Weapons Level 1  
  88  5:51  Overlord  
  88  5:54  Overlord  
  84  5:57  Zergling x2  
  84  5:58  Zergling x2  
  84  5:59  Queen  
  84  6:03  Zergling x2, Queen  
  75  6:07  Drone  
  75  6:08  Drone x3  
  72  6:17  Zergling x10, Queen  
  72  6:24  Extractor  
  72  6:25  Extractor  
  68  6:28  Zergling x10  
  72  6:34  Drone x2, Queen  
  72  6:38  Drone  
  72  6:39  Drone, Queen  
  72  6:51  Drone x3  
  72  6:53  Queen  
  77  6:57  Drone x2  
  77  7:01  Roach Warren  
  78  7:06  Drone x3  
  81  7:10  Queen  
  81  7:14  Queen  
  85  7:16  Hatchery  
  83  7:22  Drone  
  83  7:23  Drone x6  
  79  7:37  Zergling x2  
  79  7:38  Zergling x2  
Show
View Real Time Build Order
Export as new Build Order

uThermal Terran - Winner!

Build Orders: Gas First Reaper Expand, Hellion Opening 

Get SALT Encoding   

  12  0:01  SCV  
  13  0:13  SCV  
  14  0:17  Supply Depot  
  14  0:25  SCV  
  15  0:28  Refinery  
  15  0:39  SCV  
  16  0:45  Barracks  
  16  0:51  SCV  
  17  1:03  SCV  
  18  1:15  SCV  
  19  1:32  Orbital Command, Reaper  
  20  1:45  Command Center  
  20  1:56  Factory  
  20  1:59  SCV  
  21  2:06  Barracks Reactor  
  21  2:12  SCV  
  22  2:17  Supply Depot  
  22  2:22  Refinery  
  22  2:24  SCV  
  23  2:38  SCV  
  23  2:42  Starport  
  24  2:48  Hellion  
  24  2:49  Hellion  
  24  2:50  SCV  
  29  2:59  Orbital Command  
  29  3:03  SCV  
  29  3:04  Marine  
  30  3:10  Hellion  
  32  3:14  Hellion  
  32  3:16  SCV  
  35  3:24  Fusion Core  
  35  3:27  Marine  
  35  3:29  SCV  
  35  3:31  SCV  
  38  3:36  Hellion  
  38  3:40  Hellion  
  42  3:44  Supply Depot  
  42  3:46  SCV  
  43  3:50  Starport Tech Lab, SCV  
  44  3:58  SCV  
  44  4:02  SCV  
  46  4:06  Supply Depot, Hellion x2  
  50  4:13  SCV  
  52  4:24  SCV  
  52  4:25  SCV  
  52  4:27  Battlecruiser  
  59  4:31  Supply Depot  
  59  4:39  Armory  
  59  4:41  Hellion, Supply Depot  
  61  4:47  SCV  
  62  4:53  Hellion  
  62  4:59  SCV  
  66  5:03  Hellion  
  66  5:04  Command Center  
  66  5:05  SCV  
  68  5:11  SCV  
  68  5:13  Supply Depot  
  69  5:14  Hellion  
  69  5:17  SCV  
  72  5:23  SCV  
  72  5:24  Hellion  
  72  5:25  Refinery  
  72  5:26  Refinery  
  75  5:29  SCV  
  76  5:36  Battlecruiser  
  76  5:41  SCV  
  83  5:48  SCV  
  86  5:50  Hellion  
  86  5:51  Supply Depot  
  86  5:57  SCV, Hellion  
  86  6:01  SCV  
  78  6:11  SCV, Hellion  
  81  6:18  Hellion  
  81  6:22  Barracks Tech Lab  
  81  6:23  Factory  
  81  6:24  Factory  
  79  6:27  SCV  
  79  6:28  SCV  
  79  6:29  Supply Depot  
  83  6:33  Hellion  
  83  6:39  SCV  
  86  6:40  SCV, Hellion  
  86  6:45  Refinery x2  
  87  6:51  SCV  
  87  6:52  SCV  
  87  6:54  Orbital Command, Hellion  
  87  6:59  Starport Reactor  
  85  7:03  SCV, Hellion  
  85  7:06  SCV  
  89  7:15  SCV  
  89  7:18  Cyclone x2  
  89  7:21  SCV  
  97  7:23  SCV  
  97  7:28  SCV, Hellion  
  101  7:33  SCV  
  101  7:35  SCV  
  103  7:40  SCV  
  103  7:43  Factory  
  106  7:44  Factory  
Tags
 
Add a new tag
Caveats
  • Supply blocks, unpowered buildings, or Contaminate may cause inaccurate times.
  • Supply counts are checked every 10 seconds.